NCAA
MINNESOTA GOLDEN GOPHERS @ OHIO STATE BUCKEYES
05/18/2023
 
TOP OF THE 1ST
Minnesota Golden Gophers batting - Pitching for Ohio State Buckeyes : RHP Homer Carr
Pitching: RHP Homer Carr
Batting: RHB Carlos López 0-0: Bunted foul
0-1: Ground out U3 (Groundball, 3S)
Batting: RHB Mike Brooks 0-0: Swinging Strike
0-1: Ball
1-1: Ball
2-1: Ball
3-1: Base on Balls
Batting: RHB David Strickland 0-0: Ball
1-0: Swinging Strike
1-1: Called Strike
1-2: Strikes out looking
Batting: RHB Charlie O'Farrell 0-0: Foul Ball, location: 2F
0-1: Ball
1-1: Reached on error, E4 (Groundball, 4)
Mike Brooks to third
Batting: RHB Brady McIntyre 0-0: SINGLE (Line Drive, 34D)
Mike Brooks scores
Charlie O'Farrell to third
Runner from 3rd tries for Home, SAFE, no throw or cutoff
Batting: LHB Matt Murphy 0-0: Ball
1-0: Called Strike
1-1: Foul Ball, location: 2F
1-2: Ball
2-2: Strikes out looking
Top of the 1st over - 2 run(s), 1 hit(s), 1 error(s), 1 left on base; Minnesota 2 - Ohio State 0
BOTTOM OF THE 1ST
Ohio State Buckeyes batting - Pitching for Minnesota Golden Gophers : RHP Jim Durham
Pitching: RHP Jim Durham
Batting: SHB Thomas Simmons 0-0: Foul Ball, location: 2F
0-1: SINGLE (Line Drive, 3D)
Batting: SHB Jorge Rodríguez 0-0: Reached on error, E6 (Groundball, 6)
Thomas Simmons to second
Batting: RHB Júlio Morales 0-0: Called Strike
0-1: Ball
1-1: Ball
2-1: Foul Ball, location: 2F
2-2: Ball
3-2: SINGLE (Line Drive, 6MD)
Thomas Simmons to third
Jorge Rodríguez to second
Thomas Simmons scores
Jorge Rodríguez to third
Batting: LHB Frank García 0-0: DOUBLE (Line Drive, 8LM)
Jorge Rodríguez scores
Júlio Morales to third
Batting: SHB Devin Smith 0-0: Called Strike
0-1: Ball
1-1: Ball
2-1: Foul Ball, location: 2F
2-2: Strikes out swinging
Batting: RHB Gabriel Soto 0-0: Called Strike
0-1: Ground out 6-3 (Groundball, 6)
Júlio Morales scores
Batting: SHB Tony Patterson 0-0: Ball
1-0: Ball
2-0: Foul Ball, location: 2F
2-1: Fly out, F7 (Flyball, 78M)
Bottom of the 1st over - 3 run(s), 3 hit(s), 1 error(s), 1 left on base; Minnesota 2 - Ohio State 3
TOP OF THE 2ND
Minnesota Golden Gophers batting - Pitching for Ohio State Buckeyes : RHP Homer Carr
Batting: RHB Esteban Ayala 0-0: Ball
1-0: Foul Ball, location: 2F
1-1: Called Strike
1-2: SINGLE (Groundball, 6MD)
Batting: LHB Steve Davis 0-0: Ball
1-0: Foul Ball, location: 2F
1-1: Swinging Strike
1-2: Strikes out swinging
Batting: LHB Ramón López 0-0: Ball
1-0: Ball
2-0: SINGLE (Line Drive, 6MD)
Esteban Ayala to second
Batting: RHB Carlos López 0-0: SINGLE (Line Drive, 6M)
Esteban Ayala to third
Ramón López to second
Batting: RHB Mike Brooks 0-0: DOUBLE (Flyball, 7LM)
Esteban Ayala scores
Ramón López scores
Carlos López to third
Runner from 3rd tries for Home, SAFE, no throw or cutoff
Batting: RHB David Strickland 0-0: Ball
1-0: Called Strike
1-1: Swinging Strike
1-2: Ball
2-2: Ball
3-2: Ground out 6-3 (Groundball, 6M)
Mike Brooks to third
Batting: RHB Charlie O'Farrell 0-0: Ball
1-0: Foul Ball, location: 2F
1-1: Fly out, F8 (Flyball, 8LXD)
Top of the 2nd over - 3 run(s), 4 hit(s), 0 error(s), 1 left on base; Minnesota 5 - Ohio State 3
BOTTOM OF THE 2ND
Ohio State Buckeyes batting - Pitching for Minnesota Golden Gophers : RHP Jim Durham
Batting: LHB Matt Ruskin 0-0: Ball
1-0: Called Strike
1-1: Called Strike
1-2: Strikes out swinging
Batting: RHB Santiago Gutiérrez 0-0: Called Strike
0-1: Called Strike
0-2: DOUBLE (Flyball, 89M)
Batting: SHB Thomas Simmons 0-0: Called Strike
0-1: Ball
1-1: Called Strike
1-2: Ground out 5-3 (Groundball, 15S)
Santiago Gutiérrez to third
Batting: SHB Jorge Rodríguez 0-0: Swinging Strike
0-1: Ball
1-1: Swinging Strike
1-2: Foul Ball, location: 2F
1-2: Ball
2-2: Ball
3-2: Strikes out swinging
Bottom of the 2nd over - 0 run(s), 1 hit(s), 0 error(s), 1 left on base; Minnesota 5 - Ohio State 3
TOP OF THE 3RD
Minnesota Golden Gophers batting - Pitching for Ohio State Buckeyes : RHP Homer Carr
Batting: RHB Brady McIntyre 0-0: Ball
1-0: Ball
2-0: Called Strike
2-1: Ground out 6-3 (Groundball, 6)
Batting: LHB Matt Murphy 0-0: Reached on Error, E9 (Flyball, 9M)
Batting: RHB Esteban Ayala 0-0: Called Strike
0-1: Ball
1-1: Foul Ball, location: 2F
1-2: Ball
2-2: Ball
3-2: Strikes out looking
Batting: LHB Steve Davis 0-0: Fly out, F8 (Flyball, 8LM)
Top of the 3rd over - 0 run(s), 0 hit(s), 1 error(s), 1 left on base; Minnesota 5 - Ohio State 3
BOTTOM OF THE 3RD
Ohio State Buckeyes batting - Pitching for Minnesota Golden Gophers : RHP Jim Durham
Batting: RHB Júlio Morales 0-0: Ball
1-0: Ball
2-0: Ball
3-0: Base on Balls
Batting: LHB Frank García 0-0: Ball
1-0: Ground out 4-3 (Groundball, 4M)
Júlio Morales to second
Batting: SHB Devin Smith 0-0: Fly out, F7 (Line Drive, 7M)
Batting: RHB Gabriel Soto 0-0: Called Strike
0-1: Called Strike
0-2: Ball
1-2: Strikes out looking
Bottom of the 3rd over - 0 run(s), 0 hit(s), 0 error(s), 1 left on base; Minnesota 5 - Ohio State 3
TOP OF THE 4TH
Minnesota Golden Gophers batting - Pitching for Ohio State Buckeyes : RHP Homer Carr
Batting: LHB Ramón López 0-0: Ball
1-0: Ball
2-0: SINGLE (Groundball, 34D) (infield hit)
Batting: RHB Carlos López 0-0: Called Strike
0-1: Ball
1-1: Foul Ball, location: 2F
1-2: Hit by Pitch
Ramón López to second
Batting: RHB Mike Brooks 0-0: Called Strike
0-1: Ball
1-1: Ball
2-1: Ball
3-1: Swinging Strike
3-2: Base on Balls
Ramón López to third
Carlos López to second
Batting: RHB David Strickland 0-0: Called Strike
0-1: Called Strike
0-2: Ball
1-2: Fielders Choice at 2nd, 6-4 (Groundball, 6M)
Ramón López scores
Carlos López to third
Batting: RHB Charlie O'Farrell 0-0: Swinging Strike
0-1: Ball
1-1: Swinging Strike
1-2: Strikes out swinging
Batting: RHB Brady McIntyre 0-0: Ball
1-0: Foul Ball, location: 2F
1-1: Fly out, F8 (Flyball, 8LS)
Top of the 4th over - 1 run(s), 1 hit(s), 0 error(s), 2 left on base; Minnesota 6 - Ohio State 3
BOTTOM OF THE 4TH
Ohio State Buckeyes batting - Pitching for Minnesota Golden Gophers : RHP Jim Durham
Batting: SHB Tony Patterson 0-0: Ground out 4-3 (Groundball, 4)
Batting: LHB Matt Ruskin 0-0: Ball
1-0: Called Strike
1-1: Swinging Strike
1-2: Foul Ball, location: 2F
1-2: Foul Ball, location: 2F
1-2: Ground out 4-3 (Groundball, 4M)
Batting: RHB Santiago Gutiérrez 0-0: Ball
1-0: Called Strike
1-1: Ground out 5-3 (Groundball, 5L)
Bottom of the 4th over - 0 run(s), 0 hit(s), 0 error(s), 0 left on base; Minnesota 6 - Ohio State 3
TOP OF THE 5TH
Minnesota Golden Gophers batting - Pitching for Ohio State Buckeyes : RHP Homer Carr
Batting: LHB Matt Murphy 0-0: Foul Ball, location: 2F
0-1: Ball
1-1: Ball
2-1: Foul Ball, location: 2F
2-2: Ball
3-2: Base on Balls
Pitching: RHP Danny Bates
Batting: RHB Esteban Ayala 0-0: Called Strike
0-1: Foul Ball, location: 2F
0-2: Ball
1-2: Strikes out swinging
Batting: LHB Steve Davis 0-0: Ball
1-0: Called Strike
Matt Murphy steals 2nd base
1-1: Ball
2-1: Foul Ball, location: 2F
2-2: Foul Ball, location: 2F
2-2: Ball
3-2: Base on Balls
Batting: LHB Ramón López 0-0: Ball
1-0: Foul Ball, location: 2F
1-1: Ball
2-1: Called Strike
2-2: Foul Ball, location: 2F
2-2: Ball
3-2: Foul Ball, location: 2F
3-2: Foul Ball, location: 2F
3-2: Fly out, F9 (Line Drive, 89M)
Batting: RHB Carlos López 0-0: Ball
1-0: Ball
2-0: Ball
3-0: Called Strike
3-1: Called Strike
3-2: Strikes out looking
Top of the 5th over - 0 run(s), 0 hit(s), 0 error(s), 2 left on base; Minnesota 6 - Ohio State 3
BOTTOM OF THE 5TH
Ohio State Buckeyes batting - Pitching for Minnesota Golden Gophers : RHP Jim Durham
Batting: SHB Thomas Simmons 0-0: Swinging Strike
0-1: Ball
1-1: Foul Ball, location: 2F
1-2: Strikes out swinging
Batting: SHB Jorge Rodríguez 0-0: Ground out 1-3 (Groundball, 13S)
Batting: RHB Júlio Morales 0-0: SOLO HOME RUN (Flyball, 78XD), Distance : 375 ft
Batting: LHB Frank García 0-0: Ball
1-0: Called Strike
1-1: Ground out 4-3 (Groundball, 4)
Bottom of the 5th over - 1 run(s), 1 hit(s), 0 error(s), 0 left on base; Minnesota 6 - Ohio State 4
TOP OF THE 6TH
Minnesota Golden Gophers batting - Pitching for Ohio State Buckeyes : RHP Danny Bates
Batting: RHB Mike Brooks 0-0: Called Strike
0-1: Ball
1-1: Swinging Strike
1-2: Strikes out swinging
Batting: RHB David Strickland 0-0: Ball
1-0: Swinging Strike
1-1: Swinging Strike
1-2: Ball
2-2: Strikes out swinging
Batting: RHB Charlie O'Farrell 0-0: DOUBLE (Groundball, 5L)
Batting: RHB Brady McIntyre 0-0: SINGLE (Groundball, 6D)
Charlie O'Farrell to third
Runner from 3rd tries for Home, SAFE, throw made home
Brady McIntyre to second
Batting: LHB Matt Murphy 0-0: Ball
1-0: Foul Ball, location: 2F
1-1: Foul Ball, location: 2F
1-2: Foul Ball, location: 2F
1-2: Hit by Pitch
Batting: RHB Esteban Ayala 0-0: Ball
1-0: Called Strike
1-1: Ball
2-1: Foul Ball, location: 2F
2-2: Fly out, F3 (Line Drive, 34)
Top of the 6th over - 1 run(s), 2 hit(s), 0 error(s), 2 left on base; Minnesota 7 - Ohio State 4
BOTTOM OF THE 6TH
Ohio State Buckeyes batting - Pitching for Minnesota Golden Gophers : RHP Jim Durham
Batting: SHB Devin Smith 0-0: Called Strike
0-1: Ball
1-1: Ball
2-1: Foul Ball, location: 2F
2-2: Foul Ball, location: 2F
2-2: Foul Ball, location: 2F
2-2: Ground out 4-3 (Groundball, 13)
Batting: RHB Gabriel Soto 0-0: Ball
1-0: Called Strike
1-1: Called Strike
1-2: Ball
2-2: Ball
3-2: Strikes out swinging
Batting: SHB Tony Patterson 0-0: Ball
1-0: Ball
2-0: Foul Ball, location: 2F
2-1: Ball
3-1: Called Strike
3-2: Foul Ball, location: 2F
3-2: Strikes out swinging
Bottom of the 6th over - 0 run(s), 0 hit(s), 0 error(s), 0 left on base; Minnesota 7 - Ohio State 4
TOP OF THE 7TH
Minnesota Golden Gophers batting - Pitching for Ohio State Buckeyes : RHP Danny Bates
Pitching: RHP Roger Stewart
Batting: LHB Steve Davis 0-0: Ball
1-0: Called Strike
1-1: Ball
2-1: Foul Ball, location: 2F
2-2: Strikes out swinging
Batting: LHB Ramón López 0-0: Called Strike
0-1: Ball
1-1: Called Strike
1-2: Strikes out swinging
Batting: RHB Carlos López 0-0: Foul Ball, location: 2F
0-1: Swinging Strike
0-2: Ball
1-2: Strikes out looking
Top of the 7th over - 0 run(s), 0 hit(s), 0 error(s), 0 left on base; Minnesota 7 - Ohio State 4
BOTTOM OF THE 7TH
Ohio State Buckeyes batting - Pitching for Minnesota Golden Gophers : RHP Jim Durham
Pitching: RHP David Dean
Batting: LHB Matt Ruskin 0-0: Called Strike
0-1: Called Strike
0-2: Strikes out swinging
Batting: RHB Santiago Gutiérrez 0-0: Ball
1-0: Ball
2-0: Swinging Strike
2-1: Ground out 5-3 (Groundball, 5L)
Batting: SHB Thomas Simmons 0-0: Ball
1-0: Ball
2-0: Swinging Strike
2-1: Foul Ball, location: 2F
2-2: Strikes out looking
Bottom of the 7th over - 0 run(s), 0 hit(s), 0 error(s), 0 left on base; Minnesota 7 - Ohio State 4
TOP OF THE 8TH
Minnesota Golden Gophers batting - Pitching for Ohio State Buckeyes : RHP Roger Stewart
Batting: RHB Mike Brooks 0-0: Ball
1-0: Called Strike
1-1: Foul Ball, location: 2F
1-2: Strikes out swinging
Batting: RHB David Strickland 0-0: Swinging Strike
0-1: Swinging Strike
0-2: Ball
1-2: Ball
2-2: Strikes out swinging
Batting: RHB Charlie O'Farrell 0-0: Ball
1-0: Called Strike
1-1: Called Strike
1-2: Strikes out swinging
Top of the 8th over - 0 run(s), 0 hit(s), 0 error(s), 0 left on base; Minnesota 7 - Ohio State 4
BOTTOM OF THE 8TH
Ohio State Buckeyes batting - Pitching for Minnesota Golden Gophers : RHP David Dean
Now in CF: Doug Willard
Batting: SHB Jorge Rodríguez 0-0: Ball
1-0: Called Strike
1-1: Ball
2-1: Ball
3-1: Base on Balls
Batting: RHB Júlio Morales 0-0: Called Strike
0-1: Ball
1-1: Foul Ball, location: 2F
1-2: Strikes out looking
Pitching: LHP Roger Glass
Batting: LHB Frank García 0-0: Called Strike
0-1: Ball
1-1: Ball
2-1: Ground out 4-3 (Groundball, 13)
Jorge Rodríguez to second
Pitching: RHP Jack Ellison
Batting: SHB Devin Smith 0-0: Called Strike
0-1: Foul Ball, location: 2F
0-2: Foul Ball, location: 2F
0-2: Foul Ball, location: 2F
0-2: Ball
1-2: Ball
2-2: Foul Ball, location: 2F
2-2: Foul Ball, location: 2F
2-2: Ball
3-2: Base on Balls
Batting: RHB Gabriel Soto 0-0: Foul Ball, location: 2F
0-1: Ground out 3-1 (Groundball, 34)
Bottom of the 8th over - 0 run(s), 0 hit(s), 0 error(s), 2 left on base; Minnesota 7 - Ohio State 4
TOP OF THE 9TH
Minnesota Golden Gophers batting - Pitching for Ohio State Buckeyes : RHP Roger Stewart
Pitching: RHP Bartolo Villarreal
Batting: RHB Brady McIntyre 0-0: Called Strike
0-1: Ball
1-1: Ball
2-1: Ball
3-1: Foul Ball, location: 2F
3-2: Base on Balls
Batting: LHB Matt Murphy 0-0: Ball
1-0: DOUBLE (Line Drive, 7LD)
Brady McIntyre to third
Batting: RHB Esteban Ayala 0-0: Ball
1-0: Foul Ball, location: 2F
1-1: Swinging Strike
1-2: Ball
2-2: Strikes out swinging
Batting: LHB Steve Davis 0-0: Intentional Walk
Pinch Hitting: RHB Ben Lund 0-0: Called Strike
0-1: Called Strike
0-2: Ball
1-2: Ball
2-2: Strikes out looking
Batting: LHB Doug Willard 0-0: Ball
1-0: Called Strike
1-1: Ball
2-1: Ball
3-1: Base on Balls
Brady McIntyre scores
Matt Murphy to third
Steve Davis to second
Batting: RHB Mike Brooks 0-0: Ball
1-0: Fly out, F7 (Flyball, 78M)
Top of the 9th over - 1 run(s), 1 hit(s), 0 error(s), 3 left on base; Minnesota 8 - Ohio State 4
BOTTOM OF THE 9TH
Ohio State Buckeyes batting - Pitching for Minnesota Golden Gophers : RHP Jack Ellison
Now in RF: Ben Lund
Batting: SHB Tony Patterson 0-0: Ball
1-0: Ball
2-0: Ball
3-0: Called Strike
3-1: Called Strike
3-2: Foul Ball, location: 2F
3-2: Base on Balls
Batting: LHB Matt Ruskin 0-0: Ball
1-0: Fly out, F9 (Flyball, 89M)
Batting: RHB Santiago Gutiérrez 0-0: Ground out 4-3 (Groundball, 4M)
Tony Patterson to second
Batting: SHB Thomas Simmons 0-0: Called Strike
0-1: Ball
1-1: Ball
2-1: Foul Ball, location: 2F
2-2: Ball
Wild Pitch!
Tony Patterson to third
3-2: Base on Balls
Pitching: LHP Marc Sizemore
Batting: SHB Jorge Rodríguez 0-0: Ball
1-0: Ball
2-0: Ball
3-0: Called Strike
3-1: Foul Ball, location: 2F
3-2: Strikes out swinging
Bottom of the 9th over - 0 run(s), 0 hit(s), 0 error(s), 2 left on base; Minnesota 8 - Ohio State 4
This league is powered by Out of the Park Baseball, the baseball management simulation game for PC, Mac and Linux
Wednesday, December 2nd, 2015 - OOTP Baseball 16.8 Build 38